 Dungeon Crawl Stone Soup version 0.28.0-53-g5a82cb258f (webtiles) character file.

Game seed: 13185299665253208820

424 safid the Cleaver (level 6, -3/52 HPs)
             Began as a Hill Orc Fighter on Aug 12, 2022.
             Slain by a scorpion (8 damage)
             ... on level 4 of the Dungeon.
             The game lasted 00:03:47 (3330 turns).

safid the Cleaver (Hill Orc Fighter)                Turns: 3330, Time: 00:03:48

Health: -3/52      AC:  7    Str: 21    XL:     6   Next: 96%
Magic:  6/6        EV:  9    Int:  8    God:
Gold:   112        SH:  4    Dex: 10    Spells: 5/5 levels left

rFire   . . .      SeeInvis .   a - +0 war axe
rCold   . . .      Faith    .   c - +0 buckler
rNeg    . . .      Spirit   .   b - +0 scale mail
rPois   .          Reflect  .   (no helmet)
rElec   .          Harm     .   (no cloak)
rCorr   .          Rampage  .   (no gloves)
Will    .....                   (no boots)
Stlth   ..........              (no amulet)
HPRegen 0.17/turn               (no ring)
MPRegen 0.10/turn               (no ring)

@: mighty
A: no striking features
a: no special abilities


You were on level 4 of the Dungeon.
You visited 1 branch of the dungeon, and saw 4 of its levels.

You collected 112 gold pieces.

Inventory:

Hand Weapons
 a - a +0 war axe (weapon)
Armour
 b - a +0 scale mail (worn)
 c - a +0 buckler (worn)
Jewellery
 g - an amulet of magic regeneration
 l - an amulet of regeneration
 t - a ring of wizardry
Wands
 s - a wand of iceblast (5)
Scrolls
 e - a scroll of teleportation {unknown}
 f - a scroll of noise {unknown}
 h - 2 scrolls of identify {unknown}
 k - 2 scrolls of summoning {unknown}
 m - a scroll of fog {unknown}
 n - a scroll of immolation {unknown}
 o - a scroll of fear {unknown}
 p - a scroll of enchant armour {unknown}
Potions
 j - 2 potions of mutation {unknown}
 q - a potion of flight {unknown}
 r - a potion of heal wounds {unknown}


   Skills:
 - Level 4.0 Fighting
 + Level 8.5 Axes
 - Level 4.0 Armour
 - Level 4.0 Shields


You had 5 spell levels left.
You didn't know any spells.
Your spell library contained the following spells:

 Spells                   Type           Power      Damage    Failure   Level
 Magic Dart               Conj           0%         1d3       83%         1
 Call Imp                 Summ           0%         N/A       92%         2
 Mephitic Cloud           Conj/Pois/Air  0%         N/A       99%         3


Dungeon Overview and Level Annotations

Branches:
Dungeon (4/15)
 Temple: D:4-7

Altars:

Shops:
D:2 :

Annotations:
D:2 1 runed translucent door, Crazy Yiuf


Message History

An adder comes into view.
Found a stone staircase leading down.
A scorpion comes into view.
You slash the hobgoblin!
You kill the hobgoblin!
Unknown command.
The adder closely misses you. You block the adder's attack.
The adder bites you but does no damage. The adder bites you but does no damage.
You feel very mighty all of a sudden. The adder bites you.
* * * LOW HITPOINT WARNING * * *
You are poisoned.
The adder poisons you!
Unknown command.
You slash the adder!
The adder is almost dead.
You feel sick. The adder bites you but does no damage.
Unknown command.
You closely miss the adder.
The adder is almost dead.
You feel sick. The adder closely misses you. You block the adder's attack.
Unknown command.
You barely miss the adder.
The adder is almost dead.
You feel sick. The adder closely misses you.
Unknown command.
You barely miss the adder.
The adder is almost dead.
You feel sick. You block the adder's attack. x2
Unknown command.
You slash the adder!
You kill the adder!
You feel sick.
Unknown command.
You barely miss the scorpion.
You feel sick.
You are no longer poisoned.
The scorpion stings you!
You die...

##...##....##........
#....#####.##........
##....####...........
#..................>
#...########.....(..
###..# ... ##.## ..
#..# ##@# .
#####s####...
#.............
#....#..##.....
#..............
#....#..#......
#.............#
#..............
#####..........


You could see a scorpion.

Vanquished Creatures
  A necrophage (D:3)
  An ogre (D:4)
  A water moccasin skeleton (D:3)
  2 orc wizards (D:4)
  4 gnolls (D:2)
  4 adders
  2 worms
  2 dart slugs
  6 orcs
  4 ball pythons
  6 endoplasms
  2 giant cockroaches
  5 goblins
  5 hobgoblins
  3 jackals (D:3)
  5 kobolds
  2 quokkas
  4 bats
  4 rats
63 creatures vanquished.

Vanquished Creatures (others)
  A withered plant (D:1)
1 creature vanquished.

Grand Total: 64 creatures vanquished

Notes
Turn   | Place    | Note
-------+----------+-------------------------------------------
     0 | D:1      | safid the Hill Orc Fighter began the quest for the Orb.
     0 | D:1      | Reached XP level 1. HP: 19/19 MP: 1/1
    77 | D:1      | Reached XP level 2. HP: 27/27 MP: 2/2
    78 | D:1      | Reached skill level 3 in Axes
   164 | D:1      | Found a faded altar of an unknown god.
   559 | D:2      | Reached XP level 3. HP: 12/33 MP: 3/3
  1206 | D:2      | Found Iheud's Book Shop.
  1552 | D:2      | Found a runed translucent door.
  1553 | D:2      | Noticed Crazy Yiuf
  1646 | D:2      | Reached XP level 4. HP: 21/40 MP: 4/4
  1651 | D:2      | Reached skill level 4 in Axes
  2349 | D:3      | Reached skill level 5 in Axes
  2349 | D:3      | Reached XP level 5. HP: 27/46 MP: 5/5
  3066 | D:3      | Reached skill level 6 in Axes
  3153 | D:4      | Noticed a necrophage
  3155 | D:4      | Noticed an ogre
  3173 | D:3      | Killed a necrophage
  3174 | D:3      | Reached skill level 7 in Axes
  3174 | D:3      | Reached XP level 6. HP: 31/52 MP: 6/6
  3254 | D:4      | Reached skill level 8 in Axes
  3330 | D:4      | Slain by a scorpion

Illustrated notes

Levels and vault maps discovered:
D:1:      lightli_arrival_statuegarden, layout_rooms,
          ebering_ecumenical_altar_petrified
D:2:      layout_basic, serial_shops, nicolae_shop_statue_plus,
          uniq_crazy_yiuf_cottage
D:3:      layout_loops_ring, minmay_fountain_box, ebering_dispersal_statue_hall
D:4:      layout_rooms, portal_sewer_entry_b, uniq_sigmund

Skill      XL: |  1  2  3  4  5  6 |
---------------+-------------------+-----
Axes           | 3 5 7 8 |  8.5
Fighting       | 4 |  4.0
Armour         | 4 |  4.0
Shields        | 4 |  4.0

Action                   |  1- 3 |  4- 6 || total
-------------------------+-------+-------++-------
Melee: War axe           |    75 |   150 ||   225
  Use: Potion            |       |     3 ||     3
Armor: Scale mail        |    30 |    74 ||   104
Dodge: Dodged            |    39 |    49 ||    88
Block: Buckler           |    17 |    42 ||    59
